 Dungeon Crawl Stone Soup version 0.21.1-1-g345015f (webtiles) character file.

1550 Fang the Chopper (level 8, -2/76 HPs)
             Began as a Gargoyle Berserker on June 13, 2018.
             Was a Priest of Trog.
             Slain by a wyvern (9 damage)
             ... on level 6 of the Dungeon on June 14, 2018.
             The game lasted 00:06:26 (5303 turns).

Fang the Chopper (Gargoyle Berserker)               Turns: 5303, Time: 00:06:26

Health: -2/76      AC:  7    Str: 25    XL:     8   Next: 88%
Magic:  8/8        EV: 13    Int: 13    God:    Trog [***...]
Gold:   274        SH:  0    Dex:  9    Spells: 7/7 levels left

rFire    . . .     SeeInvis +   a - +0 hand axe
rCold    + + .     Gourm    .   (no shield)
rNeg     + . .     Faith    .   x - +0 robe (curse)
rPois    ∞         Spirit   .   (no helmet)
rElec    +         Reflect  .   (no cloak)
rCorr    .         Harm     .   (no gloves)
MR       .....                  (no boots)
Stlth    ..........             (no amulet)
HPRegen  0.22/turn              j - +5 ring of intelligence
MPRegen  0.11/turn              y - ring "Reuv" {rC++ Str-3 SInv}

@: berserking, very quick
A: negative energy resistance 1, electricity resistance, unbreathing,
petrification resistance, rot immunity, AC +5
a: Berserk, Trog's Hand, Burn Spellbooks, Renounce Religion


You were on level 6 of the Dungeon.
You worshipped Trog.
Trog was most pleased with you.
You were hungry.

You visited 2 branches of the dungeon, and saw 7 of its levels.

You collected 274 gold pieces.

Inventory:

Hand Weapons
 a - a +0 hand axe (weapon)
Armour
 v - a +1 leather armour of poison resistance
 x - a cursed +0 robe (worn)
Jewellery
 j - a +5 ring of intelligence (left hand)
 y - the ring "Reuv" (right hand) {rC++ Str-3 SInv}
   (You found it on level 5 of the Dungeon)

   [ring of see invisible]

   It affects your strength (-3).
   It greatly protects you from cold.
   It lets you see invisible.
Wands
 t - a wand of flame (36)
 z - a wand of digging (17)
Scrolls
 b - 2 scrolls of random uselessness {unknown}
 d - 2 scrolls of magic mapping {unknown}
 f - 3 scrolls of enchant armour {unknown}
 g - 5 scrolls of teleportation {unknown}
 i - 5 scrolls of fear {unknown}
 k - a scroll of immolation {unknown}
 m - 3 scrolls of identify {unknown}
 n - 5 scrolls of remove curse {unknown}
 o - a scroll of amnesia {unknown}
Potions
 e - 2 potions of lignification {unknown}
 h - a potion of haste {unknown}
 l - a potion of curing {unknown}
 p - a potion of might {unknown}
 q - a potion of heal wounds {unknown}
 r - 2 potions of invisibility {unknown}
 s - a potion of ambrosia {unknown}
 u - a potion of brilliance {unknown}
 A - 2 potions of agility {unknown}
Books
 w - a book of Maledictions

   Spells                             Type                      Level
   a - Corona                         Hexes                        1
   b - Ensorcelled Hibernation        Hexes/Ice                    2
   c - Confuse                        Hexes                        3
   d - Tukima's Dance                 Hexes                        3
   e - Dazzling Spray                 Conjuration/Hexes            3
   Trog disapproves of the use of such an item.
Comestibles
 c - 12 rations


   Skills:
 + Level 5.9 Fighting
 + Level 7.6 Axes
 + Level 3.3 Armour
 + Level 4.4 Dodging
 + Level 2.3 Stealth


You had 7 spell levels left.
You didn't know any spells.

Dungeon Overview and Level Annotations

Branches:
Dungeon (6/15)             Temple (1/1) D:4

Altars:
Ashenzari
Cheibriados
Dithmenos
Elyvilon
Fedhas
Gozag
Makhleb
Nemelex Xobeh
Okawaru
Qazlal
Ru
Sif Muna
Trog
Uskayaw
Vehumet
Wu Jian
Yredelemnul
Zin
The Shining One

Shops:
D:5 *


Innate Abilities, Weirdness & Mutations

You are resistant to torment.
Your stone body is resilient. (AC +5)
You are immune to poison.
You resist negative energy. (rN+)
You are resistant to electric shocks. (rElec)
You can survive without breathing.
You are immune to petrification.
You are immune to rotting.


Message History

You are too injured to fight recklessly!
You are too injured to fight recklessly!
You are too injured to fight recklessly!
You are too injured to fight recklessly!
A red film seems to cover your vision as you go berserk!
You feel yourself moving faster!
You feel mighty!
You are feeling hungry.
The wyvern closely misses you.
You closely miss the wyvern.
The wyvern is moderately wounded.
The wyvern bites you!
* * * LOW HITPOINT WARNING * * *
You slash the wyvern!
The wyvern is almost dead.
The wyvern bites you!
* * * LOW HITPOINT WARNING * * *
You closely miss the wyvern.
The wyvern is almost dead.
The wyvern bites you!
You die...

.#####.. #.#.#.#
........# ....>##
#....... ......
#...... ..... ##.....
#.#.# ..... #.. ..#.#
.h. #.. ))#.# #. #l# #
#.. ).#.# #. #@# .# ..
<.#.# #. #.## #.# #.
÷.#.# #. ### ##.###.#
#. ....# #.###.##
##...# #† .#..#
#<##.#.####..## #.
.#..####.#.###.......#
#. ..........##
##.###..###########.
##.......#.###.##
#..............
#..()...#..#.##
#...###########


You could see a wyvern and a hound.

Vanquished Creatures
  Pikel (D:4)
  Sigmund (D:6)
  Edmund (D:6)
  An ice beast (D:5)
  An ogre (D:5)
  A necrophage (D:6)
  3 crimson imps
  3 hounds
  An orc priest (D:6)
  An orc wizard (D:4)
  An iguana (D:6)
  Ijyb (D:3)
  3 worker ants
  10 adders
  2 oozes (D:2)
  An adder skeleton (D:4)
  A worm (D:3)
  2 leopard geckos
  7 orcs
  6 giant cockroaches
  4 goblins
  10 hobgoblins
  9 jackals
  3 quokkas
  4 bats
  5 frilled lizards
  11 kobolds
  7 rats
101 creatures vanquished.

Vanquished Creatures (others)
  A dart slug (D:4)
1 creature vanquished.

Grand Total: 102 creatures vanquished

Notes
Turn   | Place    | Note
-------+----------+-------------------------------------------
     0 | D:1      | Fang the Gargoyle Berserker began the quest for the Orb.
     0 | D:1      | Reached XP level 1. HP: 14/14 MP: 1/1
   107 | D:1      | Reached XP level 2. HP: 19/19 MP: 2/2
   125 | D:1      | Reached skill level 3 in Axes
   485 | D:1      | Reached ** piety under Trog
   494 | D:1      | Reached XP level 3. HP: 22/23 MP: 3/3
  1411 | D:2      | Reached XP level 4. HP: 22/29 MP: 4/4
  2136 | D:3      | Noticed Ijyb
  2152 | D:3      | Killed Ijyb
  2275 | D:3      | Found a shadowy altar of Dithmenos.
  2365 | D:3      | Reached XP level 5. HP: 26/33 MP: 5/5
  2603 | D:3      | Reached skill level 4 in Axes
  2871 | D:4      | Reached *** piety under Trog
  2988 | D:4      | Noticed Pikel
  2988 | D:4      | Noticed a slave
  2988 | D:4      | Noticed a slave
  2988 | D:4      | Noticed a slave
  2988 | D:4      | Noticed a slave
  2989 | D:4      | Found a staircase to the Ecumenical Temple.
  3002 | D:4      | Killed Pikel
  3002 | D:4      | Reached skill level 5 in Fighting
  3002 | D:4      | Reached skill level 5 in Axes
  3002 | D:4      | Reached skill level 1 in Stealth
  3002 | D:4      | Reached XP level 6. HP: 40/40 MP: 6/6
  3002 | D:4      | Reached XP level 7. HP: 44/44 MP: 7/7
  3685 | Temple   | Entered the Ecumenical Temple
  3861 | D:5      | Entered Level 5 of the Dungeon
  3901 | D:5      | Found Ucurrof's General Store.
  4174 | D:5      | Reached skill level 6 in Axes
  4186 | D:5      | Got a pitted pewter ring
  4187 | D:5      | Identified the ring "Reuv" {rC++ Str-3 SInv} (You found it on level 5 of the Dungeon)
  4237 | D:5      | Found a sacrificial altar of Ru.
  4237 | D:5      | Found a shattered altar of Ashenzari.
  4506 | D:5      | Reached XP level 8. HP: 49/49 MP: 8/8
  4741 | D:6      | Noticed Sigmund
  4752 | D:6      | Killed Sigmund
  4761 | D:6      | Reached skill level 7 in Axes
  5045 | D:6      | Noticed Edmund
  5066 | D:6      | Killed Edmund
  5278 | D:6      | Noticed a wyvern
  5303 | D:6      | Slain by a wyvern

Skill      XL: |  1  2  3  4  5  6  7  8 |
---------------+-------------------------+-----
Axes           | 3 5 6 7 |  7.6
Dodging        | 2 3 4 |  4.4
Fighting       | 4 5 |  5.9
Armour         | 3 |  3.3
Stealth        | 1 2 |  2.3

Action                   |  1- 3 |  4- 6 |  7- 9 || total
-------------------------+-------+-------+-------++-------
Melee: Hand axe          |   129 |   164 |   365 ||   658
Invok: Berserk           |     1 |     2 |     5 ||     8
 Stab: Sleeping          |       |       |     2 ||     2
  Eat: Chunk             |     2 |     7 |    13 ||    22
Armor: Animal skin       |    72 |    19 |       ||    91
       Leather armour    |       |    41 |    23 ||    64
       Robe              |       |       |    84 ||    84
Dodge: Dodged            |   111 |    93 |   197 ||   401
